 Dungeon Crawl Stone Soup version 0.15-a0-1296-g539d7c4 (webtiles) character file.

119301 zercules the Brawler (level 16, -4/161 HPs)
             Began as a Troll Monk on June 6, 2014.
             Was the Champion of Qazlal.
             Slain by a redback (17 damage)
             ... on Level 5 of the Spider Nest.
             The game lasted 03:56:35 (32577 turns).

zercules the Brawler (Troll Monk)                  Turns: 32577, Time: 03:56:35

HP  -4/161       AC 11     Str 23      XL: 16   Next: 27%
MP  17/17        EV 14     Int 11      God: Qazlal [******]
Gold 1912        SH  8     Dex 12      Spells:  3 memorised, 11 levels left

rFire  + . .     SeeInvis +       - Unarmed
rCold  + . .     Clarity  .     w - +2 robe of True Grit {rPois rN+}
rNeg   + . .     rCorr    .     (shield restricted)
rPois  +         rRot     .     T - +0 hat
rElec  +         Spirit   .     d - +2 cloak {MR+}
SustAb .         Warding  .     (gloves unavailable)
rMut   .         Stasis   .     (boots unavailable)
Gourm  +                        (no amulet)
MR     ++...                    u - ring of see invisible
                                n - ring of poison resistance

@: resistant, repel missiles, very resistant to hostile enchantments, very
unstealthy
A: unfitting armour, claws 3, fast metabolism 3, gourmand, regeneration 2,
saprovore 2, shaggy fur 1, tough skin 2, forlorn
a: Upheaval, Elemental Force, Disaster Area, Renounce Religion


You were on level 5 of the Spider Nest.
You worshipped Qazlal.
Qazlal was exalted by your worship.
You were near starving.

You visited 5 branches of the dungeon, and saw 32 of its levels.
You also visited: Bailey.

You collected 2640 gold pieces.
You spent 728 gold pieces at shops.

Inventory:

Missiles
 q - 30 stones (quivered)
Armour
 d - a +2 cloak of magic resistance (worn)
 w - the +2 robe of True Grit (worn) {rPois rN+}
   (You found it on level 1 of the Spider Nest)

   It protects you from poison.
   It protects you from negative energy.
 T - a +0 hat (worn)
 W - a +0 robe of fire resistance
 Y - a +0 fire dragon armour
Magical devices
 c - a wand of fireball (3)
 k - a wand of cold (6)
 l - a wand of lightning (0)
 x - a wand of invisibility (3)
 z - a wand of teleportation (1)
 G - a wand of flame (14)
 J - a wand of digging (11)
 N - a wand of disintegration (9) {unknown}
 R - a wand of draining (8)
 V - a wand of digging (9)
Comestibles
 b - 10 meat rations
 s - a royal jelly
 D - 10 bread rations
 Z - a slice of pizza
Scrolls
 e - a scroll of magic mapping
 g - 5 scrolls of fear
 i - a scroll of brand weapon {unknown}
 j - 6 scrolls of teleportation
 p - 3 scrolls of remove curse
 v - a scroll of acquirement
 y - a scroll of enchant weapon II
 A - a scroll of enchant weapon I
 C - 3 scrolls of fog
 I - a scroll of torment {unknown}
 M - 4 scrolls of blinking
 S - a scroll of enchant weapon III {unknown}
 X - 4 scrolls of identify
Jewellery
 a - the ring of Disaster {+/*Tele rPois rF+ rC+}
   (You found it on level 8 of the Dungeon)

   [ring of teleportation]

   It causes random teleportation, and can be evoked to teleport at will.
   It protects you from fire.
   It protects you from cold.
   It protects you from poison.
 h - a cursed amulet of inaccuracy {unknown}
 n - a ring of poison resistance (left claw)
 t - an uncursed ring of protection from fire
 u - a ring of see invisible (right claw)
 K - an uncursed ring of flight
 O - an uncursed ring of positive energy {unknown}
Potions
 f - a potion of might {unknown}
 o - 2 potions of agility {unknown}
 E - 2 potions of haste
 F - 2 potions of flight {unknown}
 H - a potion of curing
 L - 3 potions of restore abilities
 P - 3 potions of invisibility
Books
 U - a book of Callings

   Spells                             Type                      Level
   Summon Small Mammal                Summoning                    1
   Call Imp                           Summoning                    2
   Call Canine Familiar               Summoning                    3
   Summon Guardian Golem              Hexes/Summoning              4
   Summon Lightning Spire             Summoning/Air                4
   Summon Ice Beast                   Ice/Summoning                4
Miscellaneous
 r - a sack of spiders {used: 1}


   Skills:
 - Level 10.9 Fighting
 - Level 8.6 Armour
 + Level 9.2 Dodging
 - Level 1.1 Stealth
 + Level 20.8 Unarmed Combat
 - Level 4.4 Invocations


You had 11 spell levels left.
You knew the following spells:

 Your Spells              Type           Power        Failure   Level  Hunger
a - Apportation           Tloc           #.........   34%         1    ##.....
b - Summon Butterflies    Summ           #.......     34%         1    ##.....
c - Blink                 Tloc           N/A          56%         2    ###....


Dungeon Overview and Level Annotations

Branches:
Dungeon (14/15)            Temple (1/1) D:5             Orc (4/4) D:11
    Elf (0/3) Orc:4          Lair (8/8) D:8           Swamp (0/5) Lair:6
 Spider (5/5) Lair:4        Slime (0/6) Lair:6
 Vaults: D:13-14

Altars:
Ashenzari
Cheibriados
Dithmenos
Elyvilon
Fedhas
Gozag
Kikubaaqudgha
Makhleb
Nemelex Xobeh
Okawaru
Qazlal
Sif Muna
Trog
Vehumet
Xom
Yredelemnul
Zin
The Shining One
Beogh
Jiyva
Lugonu

Shops:
Orc:1 [   Orc:4 %?}*

Portals:
Hell: Lair:8
Trove: D:10 (give +5 fire dragon armour)

Annotations:
D:9 exclusion: orange crystal statue


Innate Abilities, Weirdness & Mutations

You are too large for most types of armour.
You have claws for hands.
Your metabolism is lightning-fast.
You like to eat raw meat.
You heal very quickly.
You can eat rotten meat.
You are covered in fur (AC +1).
You have very tough skin (AC +2).
You have difficulty communicating with the divine.


Message History

You are more confused.
The demonic crawler closely misses you.
The demonic crawler completely misses you.
The demonic crawler hits you but does no damage.
The tarantella bites you!
* * * LOW HITPOINT WARNING * * *
You are more confused.
Huge Dmg: -13%(-20hp) hp: 7%(11hp) Drink which item? (? for menu, Esc to quit)
You feel better.
The redback bites you but does no damage.
The tarantella is engulfed in freezing vapours.
The tarantella bites you but does no damage.
The demonic crawler barely misses you.
The demonic crawler completely misses you.
The demonic crawler hits you but does no damage.
The tarantella bites you!
* * * LOW HITPOINT WARNING * * *
The jumping spider leaps!
The redback bites you!
You die...

. .... ...^. #...;## #≈..s≈ ##
#...# ####. #..§# ###....
####'''#### ##......
####......§s@#### #.......
#####.........§sss..######.......
....^........................%...
...^......<...s..................
.................................
.................................
^................................
.................................
................................(


You could see a demonic crawler, a jumping spider, 2 tarantellas and a redback.

Vanquished Creatures
  Rupert (Spider:4)
  Frances (Lair:4)
  Maud (Lair:6)
  Gastronok (D:13)
  A dire elephant (Lair:8)
  Snorg (Orc:1)
  2 vault guards (D:13)
  A fire dragon (D:14)
  2 hydras (Lair:8)
  Fannar (Lair:7)
  Harold (Lair:7)
  A tengu warrior (D:12)
  Urug (Spider:1)
  3 orc high priests (Orc:4)
  A sun demon (Lair:8)
  Nergalle (D:10)
  The ghost of avis the Archer, an experienced CeHu of Okawaru (D:6)
  A centaur warrior (D:13)
  An unseen horror (D:12)
  11 orb spiders
  An ice statue (Lair:7)
  Pikel (D:7)
  7 hill giants
  A wizard (Lair:8)
  4 griffons
  A manticore (D:11)
  16 wolf spiders
  7 orc sorcerers
  6 orc knights
  A cyclops (D:12)
  5 black mambas
  2 sixfirhies
  A smoke demon (Lair:8)
  10 spiny frogs
  2 feature mimics
  2 gargoyles
  4 orange demons (Lair:8)
  2 fire drakes
  9 demonic crawlers
  16 komodo dragons
  2 kobold demonologists
  2 hellwings (Orc:4)
  An efreet (D:13)
  9 trolls
  3 yaktaurs (D:14)
  A wandering mushroom (Lair:6)
  24 jumping spiders
  2 tengu conjurers
  3 red devils (Lair:8)
  A queen bee (D:12)
  3 blue devils (Lair:8)
  A boulder beetle (Spider:3)
  2 polar bears
  A two-headed ogre (D:10)
  A trapdoor spider zombie (D:11)
  8 blink frogs
  4 ravens
  4 basilisks
  4 slime creatures (D:12)
  2 shadows
  17 tarantellas
  A ynoxinul (Orc:2)
  35 yaks
  15 trapdoor spiders
  20 ugly things
  A water elemental (D:11)
  A wraith (D:10)
  45 redbacks
  5 sharks
  A wyvern (Lair:5)
  9 hippogriffs
  2 hungry ghosts
  A hill giant skeleton (D:12)
  16 water moccasins
  8 wargs
  6 vampire mosquitoes (Lair:6)
  3 wolves (Lair:3)
  2 mottled dragons
  11 porcupines
  The ghost of Speleothing the Caller, an average TeSu of Vehumet (D:4)
  A soldier ant (D:14)
  27 orc warriors
  3 black bears
  3 sky beasts
  2 ice beasts
  29 spiders
  A necrophage (D:12)
  16 ogres
  3 phantoms
  A fire dragon simulacrum (D:14)
  A boring beetle (Lair:4)
  12 centaurs
  4 yellow wasps
  14 crocodiles
  2 manticore skeletons
  A big kobold (D:14)
  Blork the orc (Orc:1)
  13 giant frogs
  A wyvern skeleton (D:12)
  31 killer bees
  8 scorpions
  2 troll zombies
  13 wights
  10 electric eels
  11 crimson imps
  3 goliath beetles
  A two-headed ogre zombie (D:7)
  7 big fish
  4 jellies
  A quasit (D:13)
  Crazy Yiuf (D:2)
  2 giant frog zombies
  23 orc priests
  11 hounds
  10 iguanas
  A basilisk zombie (D:12)
  A gnoll shaman (D:8)
  An iron imp (D:14)
  Natasha (thrice) (D:6)
  23 orc wizards
  4 sheep (Lair:8)
  5 worker ants
  Jessica (D:2)
  A crocodile skeleton (D:10)
  A mummy (D:6)
  2 big fish zombies (D:2)
  17 adders
  10 gnolls
  62 green rats
  An inept feature mimic (D:6)
  8 orc zombies
  2 shadow imps (D:14)
  2 white imps
  4 worms
  3 ufetubi (D:14)
  11 giant geckos
  An ooze (D:1)
  164 orcs
  2 ball pythons
  19 bats
  4 giant cockroaches
  20 goblins
  18 hobgoblins
  12 jackals
  13 quokkas
  4 giant newts
  A hobgoblin skeleton (D:6)
  A hobgoblin zombie (D:5)
  14 kobolds
  2 orc skeletons
  20 rats
  2 rat skeletons
  9 spectral orcs (D:10)
  2 ballistomycetes (D:14)
  58 fungi
  44 plants
1256 creatures vanquished.

Vanquished Creatures (collateral kills)
  A hydra (Lair:4)
  A porcupine (Lair:4)
2 creatures vanquished.

Vanquished Creatures (others)
  Arachne (Spider:4)
  2 yaks (Lair:4)
  A redback (Spider:3)
  An orc priest (D:7)
  An orc wizard (D:7)
  A giant gecko (D:11)
  3 orcs
  A giant spore (D:14)
  2 plants
13 creatures vanquished.

Grand Total: 1271 creatures vanquished

Notes
Turn   | Place    | Note
--------------------------------------------------------------
     0 | D:1      | zercules, the Troll Monk, began the quest for the Orb.
     0 | D:1      | Reached XP level 1. HP: 22/22 MP: 1/1
   197 | D:1      | Reached XP level 2. HP: 29/29 MP: 1/1
   610 | D:1      | Huge Dmg: 14 dmg
   612 | D:1      | Huge Dmg: 4 dmg
   612 | D:1      | Reached skill level 5 in Unarmed Combat
   612 | D:1      | Reached XP level 3. HP: 13/36 MP: 2/2
  1041 | D:2      | Found an opulent altar of Gozag.
  1041 | D:2      | Found a sparkling altar of Nemelex Xobeh.
  1049 | D:2      | Huge Dmg: 8 dmg
  1252 | D:2      | Noticed Crazy Yiuf
  1256 | D:2      | Killed Crazy Yiuf
  1256 | D:2      | Reached XP level 4. HP: 44/44 MP: 2/2
  1329 | D:2      | Noticed Jessica
  1352 | D:2      | Killed Jessica
  1352 | D:2      | Reached skill level 6 in Unarmed Combat
  1583 | D:2      | Found a basalt altar of Yredelemnul.
  1750 | D:3      | Reached XP level 5. HP: 50/50 MP: 2/2
  1775 | D:3      | Huge Dmg: 11 dmg
  2158 | D:3      | Reached skill level 7 in Unarmed Combat
  2455 | D:4      | Noticed Speleothing's ghost (average TeSu)
  2690 | D:4      | Killed Speleothing's ghost
  2690 | D:4      | Reached XP level 6. HP: 51/59 MP: 3/3
  2906 | D:5      | Entered Level 5 of the Dungeon
  3025 | D:5      | Got a shimmering turquoise ring
  3050 | D:5      | Identified the cursed ring "Gezoo" {rF+ Dex+2 Int-1 SInv Stlth--} (You found it on level 5 of the Dungeon)
  3142 | D:5      | Found a staircase to the Ecumenical Temple.
  3149 | Temple   | Entered the Ecumenical Temple
  3406 | D:5      | Huge Dmg: 12 dmg
  3433 | D:5      | Reached skill level 8 in Unarmed Combat
  3467 | D:5      | Reached XP level 7. HP: 60/66 MP: 3/3
  3550 | D:5      | Reached skill level 9 in Unarmed Combat
  3687 | D:5      | Found a stormy altar of Qazlal.
  3694 | D:5      | Became a worshipper of Qazlal Stormbringer
  3694 | D:5      | Acquired Qazlal's first power
  3694 | D:5      | Acquired Qazlal's second power
  3828 | D:6      | Huge Dmg: 6 dmg
  3888 | D:6      | Noticed avis' ghost (experienced CeHu)
  3918 | D:6      | Killed avis' ghost
  3918 | D:6      | Reached skill level 11 in Unarmed Combat
  3918 | D:6      | Reached XP level 8. HP: 65/74 MP: 3/3
  3941 | D:6      | Found a burning altar of Makhleb.
  4045 | D:6      | Noticed Natasha
  4053 | D:6      | Killed Natasha
  4214 | D:6      | Reached skill level 12 in Unarmed Combat
  4285 | D:6      | Reached XP level 9. HP: 76/80 MP: 4/4
  4401 | D:6      | Noticed Natasha
  4404 | D:6      | Killed Natasha
  4409 | D:6      | Noticed Natasha
  4412 | D:6      | Killed Natasha
  4777 | D:7      | Acquired Qazlal's third power
  4820 | D:7      | Found a blossoming altar of Fedhas.
  4848 | D:7      | Found a shattered altar of Ashenzari.
  4990 | D:7      | Found an iron altar of Okawaru.
  4991 | D:7      | Found a burning altar of Makhleb.
  5052 | D:7      | Noticed Pikel
  5073 | D:7      | Huge Dmg: 19 dmg
  5073 | D:7      | Killed Pikel
  5254 | D:7      | Found a white marble altar of Elyvilon.
  5447 | D:8      | Reached skill level 13 in Unarmed Combat
  5454 | D:8      | Got an ancient lapis lazuli ring
  5456 | D:8      | Identified the ring of Disaster {+/*Tele rPois rF+ rC+} (You found it on level 8 of the Dungeon)
  5494 | D:8      | Reached skill level 5 in Fighting
  5690 | D:8      | Found a basalt altar of Yredelemnul.
  5843 | D:8      | Found a staircase to the Lair.
  5926 | D:8      | Found a radiant altar of Vehumet.
  5933 | D:8      | Huge Dmg: 17 dmg
  5934 | D:8      | Reached XP level 10. HP: 58/96 MP: 4/4
  6310 | D:9      | Got a transparent lead ring
  6385 | D:9      | Identified the ring of Truth {MR+ Dex+2 Dam-5} (You found it on level 9 of the Dungeon)
  7131 | D:10     | Entered Level 10 of the Dungeon
  7135 | D:10     | Noticed a hill giant
  7144 | D:10     | Killed a hill giant
  7237 | D:10     | Found a flagged portal.
  7237 | D:10     | Noticed Nergalle
  7242 | D:10     | Huge Dmg: 22 dmg
  7285 | D:10     | Huge Dmg: 43 dmg
  7285 | D:10     | HP: 4/98 [Nergalle/bolt of negative energy (36)]
  7286 | D:10     | Huge Dmg: 35 dmg
  7287 | D:10     | Huge Dmg: 1 dmg
  7290 | D:10     | Huge Dmg: 12 dmg
  7291 | D:10     | Huge Dmg: 2 dmg
  7291 | D:10     | HP: 2/98 [Nergalle/dagger (5)]
  7292 | D:10     | Huge Dmg: 4 dmg
  7301 | D:10     | HP: 3/98 [spectral orc warrior/long sword[Nergalle] (5)]
  7302 | D:10     | Huge Dmg: 4 dmg
  7418 | D:10     | Killed Nergalle
  7462 | Bailey   | Entered a bailey
  7472 | Bailey   | Huge Dmg: 25 dmg
  7473 | Bailey   | Huge Dmg: 21 dmg
  7489 | Bailey   | Huge Dmg: 15 dmg
  7490 | Bailey   | Huge Dmg: 16 dmg
  7712 | D:10     | Reached skill level 14 in Unarmed Combat
  7735 | D:10     | Huge Dmg: 20 dmg
  7743 | D:10     | Acquired Qazlal's fourth power
  7751 | D:10     | Huge Dmg: 27 dmg
  7784 | D:10     | Huge Dmg: 11 dmg
  7827 | D:10     | Huge Dmg: 18 dmg
  7860 | D:10     | Noticed a hill giant
  7874 | D:10     | Huge Dmg: 21 dmg
  7878 | D:10     | Killed a hill giant
  7898 | D:10     | Found a portal to a secret trove of treasure.
  7911 | D:10     | Huge Dmg: 25 dmg
  7920 | D:10     | Huge Dmg: 17 dmg
  7981 | D:10     | Huge Dmg: 17 dmg
  8315 | D:11     | Reached XP level 11. HP: 110/110 MP: 4/4
  8372 | D:11     | Noticed a manticore
  8382 | D:11     | Huge Dmg: 25 dmg
  8383 | D:11     | Killed a manticore
  8408 | D:11     | Huge Dmg: 21 dmg
  8409 | D:11     | Huge Dmg: 11 dmg
  8416 | D:11     | Huge Dmg: 12 dmg
  8417 | D:11     | Huge Dmg: 15 dmg
  8565 | D:11     | Found a staircase to the Orcish Mines.
  8614 | D:11     | Huge Dmg: 13 dmg
  8616 | D:11     | Huge Dmg: 21 dmg
  8648 | D:11     | Huge Dmg: 9 dmg
  8656 | D:11     | Huge Dmg: 11 dmg
  9111 | D:11     | Huge Dmg: 14 dmg
  9147 | D:11     | Huge Dmg: 17 dmg
  9274 | D:11     | Huge Dmg: 14 dmg
  9633 | D:12     | Noticed an unseen horror
  9643 | D:12     | Huge Dmg: 19 dmg
  9645 | D:12     | Huge Dmg: 13 dmg
  9646 | D:12     | Huge Dmg: 20 dmg
  9648 | D:12     | Huge Dmg: 14 dmg
  9656 | D:12     | Huge Dmg: 22 dmg
  9664 | D:12     | Killed an unseen horror
  9664 | D:12     | Reached skill level 15 in Unarmed Combat
  9670 | D:12     | Huge Dmg: 3 dmg
  9862 | D:12     | Acquired Qazlal's fifth power
 10219 | D:12     | Noticed a hill giant
 10239 | D:12     | Killed a hill giant
 10302 | D:12     | Noticed a hill giant
 10310 | D:12     | Killed a hill giant
 10339 | D:12     | Huge Dmg: 29 dmg
 10342 | D:12     | Huge Dmg: 17 dmg
 10358 | D:12     | Huge Dmg: 15 dmg
 10529 | D:12     | Huge Dmg: 22 dmg
 10594 | D:12     | Reached XP level 12. HP: 88/126 MP: 5/5
 10684 | D:12     | Noticed a hill giant
 10688 | D:12     | Huge Dmg: 38 dmg
 10691 | D:12     | Killed a hill giant
 10691 | D:12     | Reached skill level 10 in Fighting
 10695 | D:12     | Noticed a hill giant
 10710 | D:12     | Huge Dmg: 31 dmg
 10713 | D:12     | Huge Dmg: 34 dmg
 10713 | D:12     | Killed a hill giant
 11003 | D:12     | Noticed a hill giant
 11010 | D:12     | Reached skill level 16 in Unarmed Combat
 11024 | D:12     | Huge Dmg: 30 dmg
 11024 | D:12     | Killed a hill giant
 11211 | D:12     | Noticed a tengu warrior
 11246 | D:12     | Killed a tengu warrior
 11708 | D:13     | Noticed Gastronok
 11718 | D:13     | Huge Dmg: 44 dmg
 11722 | D:13     | Huge Dmg: 14 dmg
 11880 | D:13     | Found a blossoming altar of Fedhas.
 11975 | D:13     | Huge Dmg: 34 dmg
 11977 | D:13     | Killed Gastronok
 12014 | D:13     | Noticed a vault guard
 12016 | D:13     | Noticed a vault guard
 12018 | D:13     | Huge Dmg: 37 dmg
 12020 | D:13     | Huge Dmg: 15 dmg
 12020 | D:13     | Found a radiant altar of Vehumet.
 12075 | D:13     | Identified the Tome of Bewitchment (You found it on level 13 of the Dungeon)
 12077 | D:13     | Huge Dmg: 12 dmg
 12078 | D:13     | Huge Dmg: 12 dmg
 12192 | D:14     | Huge Dmg: 25 dmg
 12504 | D:14     | Noticed a fire dragon
 12515 | D:14     | Killed a fire dragon
 12515 | D:14     | Reached skill level 17 in Unarmed Combat
 12515 | D:14     | Reached XP level 13. HP: 87/136 MP: 14/14
 12724 | D:13     | Reached skill level 1 in Armour
 12833 | D:13     | Huge Dmg: 21 dmg
 12834 | D:13     | Killed a vault guard
 12838 | D:13     | Killed a vault guard
 13086 | Lair:1   | Entered Level 1 of the Lair of Beasts
 14100 | Lair:2   | Found a basalt altar of Yredelemnul.
 15538 | Lair:4   | Reached skill level 5 in Armour
 15846 | Lair:4   | Reached skill level 18 in Unarmed Combat
 16145 | Lair:4   | Found a hole to the Spider Nest.
 16319 | Lair:5   | Huge Dmg: 24 dmg
 16563 | Lair:5   | Huge Dmg: 26 dmg
 16584 | Lair:5   | Huge Dmg: 21 dmg
 17335 | Lair:6   | Reached XP level 14. HP: 97/144 MP: 15/15
 17496 | Lair:6   | Found a staircase to the Swamp.
 17524 | Lair:6   | Noticed Maud
 17528 | Lair:6   | Huge Dmg: 30 dmg
 17534 | Lair:6   | Huge Dmg: 25 dmg
 17535 | Lair:6   | Killed Maud
 17927 | Lair:6   | Found a staircase to the Slime Pits.
 17929 | Lair:6   | Found a viscous altar of Jiyva.
 18142 | Lair:7   | Noticed Harold
 18160 | Lair:7   | Killed Harold
 18271 | Lair:7   | Noticed Fannar
 18393 | Lair:7   | Huge Dmg: 50 dmg
 18396 | Lair:7   | Huge Dmg: 20 dmg
 18402 | Lair:7   | Killed Fannar
 18424 | Lair:7   | Learned a level 1 spell: Apportation
 18426 | Lair:7   | Learned a level 1 spell: Summon Butterflies
 18429 | Lair:7   | Learned a level 2 spell: Blink
 19138 | Lair:8   | Entered Level 8 of the Lair of Beasts
 19280 | Lair:8   | Huge Dmg: 24 dmg
 19290 | Lair:8   | Huge Dmg: 17 dmg
 19292 | Lair:8   | Huge Dmg: 19 dmg
 19558 | Lair:8   | Reached skill level 19 in Unarmed Combat
 19830 | Lair:8   | Found a burning altar of Makhleb.
 19840 | Lair:8   | Huge Dmg: 26 dmg
 19841 | Lair:8   | Huge Dmg: 32 dmg
 20145 | Lair:8   | Found a gateway to Hell.
 20154 | Lair:8   | Got a fine halberd
 20160 | Lair:8   | Identified the +2,+5 halberd of the Ten Wonders {slay drac, *Tele Str+4} (You found it on level 8 of the Lair of Beasts)
 21005 | Orc:1    | Entered Level 1 of the Orcish Mines
 21005 | Orc:1    | Found Eklureagg's Armour Shop.
 21101 | Orc:1    | Noticed Blork the orc
 21109 | Orc:1    | Killed Blork the orc
 21121 | Orc:1    | Noticed Snorg
 21135 | Orc:1    | Huge Dmg: 20 dmg
 21136 | Orc:1    | Killed Snorg
 21964 | Lair:2   | Identified a scroll of acquirement
 22984 | Orc:3    | Found a roughly hewn altar of Beogh.
 23399 | Orc:4    | Entered Level 4 of the Orcish Mines
 23617 | Orc:4    | Huge Dmg: 42 dmg
 23626 | Orc:4    | Huge Dmg: 20 dmg
 23672 | Orc:4    | Huge Dmg: 19 dmg
 23731 | Orc:4    | Reached XP level 15. HP: 81/152 MP: 17/17
 24389 | Orc:4    | Found a staircase to the Elven Halls.
 24513 | Orc:4    | Found a burning altar of Makhleb.
 24521 | Orc:4    | Paralysed by an orc sorcerer for 3 turns
 24526 | Orc:4    | Huge Dmg: 33 dmg
 24530 | Orc:4    | Huge Dmg: 22 dmg
 24542 | Orc:4    | Reached skill level 5 in Dodging
 24810 | Orc:4    | Gained mutation: You have difficulty communicating with the divine. [a neqoxec]
 24814 | Orc:4    | Found Xisumuo's General Store.
 24818 | Orc:4    | Found Kociun's Gadget Emporium.
 24818 | Orc:4    | Found Wepuudif's Magic Scroll Emporium.
 24854 | Orc:4    | Found Wiclidi's Food Shop.
 24902 | Orc:4    | Bought a scroll of acquirement for 728 gold pieces
 25867 | Spider:1 | Entered Level 1 of the Spider Nest
 25876 | Spider:1 | Huge Dmg: 32 dmg
 25882 | Lair:4   | Huge Dmg: 40 dmg
 26034 | Lair:4   | Huge Dmg: 27 dmg
 26040 | Lair:4   | Huge Dmg: 17 dmg
 26284 | Spider:1 | Noticed Urug
 26288 | Lair:4   | Huge Dmg: 14 dmg
 26293 | Lair:4   | Huge Dmg: 9 dmg
 26606 | Spider:1 | Huge Dmg: 39 dmg
 26606 | Spider:1 | Killed Urug
 26754 | Spider:1 | Huge Dmg: 62 dmg
 27045 | Spider:1 | Noticed Frances
 27086 | Lair:4   | Killed Frances
 27254 | Spider:1 | Reached skill level 20 in Unarmed Combat
 27286 | Spider:1 | Huge Dmg: 46 dmg
 27288 | Lair:4   | Huge Dmg: 51 dmg
 27702 | Spider:1 | Huge Dmg: 27 dmg
 27704 | Spider:1 | Huge Dmg: 24 dmg
 27707 | Spider:1 | Huge Dmg: 18 dmg
 27982 | Spider:1 | Got a fabulously ornate robe
 28621 | Spider:2 | Huge Dmg: 37 dmg
 29213 | Spider:2 | Huge Dmg: 17 dmg
 29219 | Spider:2 | Huge Dmg: 11 dmg
 30179 | Spider:3 | Upgraded the game from 0.15-a0-1284-g8540c5e to 0.15-a0-1296-g539d7c4
 30714 | Spider:4 | Noticed Rupert
 30718 | Spider:4 | Reached XP level 16. HP: 161/161 MP: 17/17
 30727 | Spider:4 | Killed Rupert
 30732 | Spider:3 | Huge Dmg: 32 dmg
 30733 | Spider:3 | Huge Dmg: 14 dmg
 30741 | Spider:3 | Huge Dmg: 10 dmg
 31043 | Spider:4 | Noticed Arachne
 31106 | Spider:4 | Killed Arachne
 31291 | Spider:4 | Huge Dmg: 41 dmg
 31295 | Spider:4 | Huge Dmg: 45 dmg
 31535 | Spider:4 | Huge Dmg: 49 dmg
 31748 | Spider:5 | Entered Level 5 of the Spider Nest
 31767 | Spider:4 | Identified the cursed +2 robe of True Grit {rPois rN+} (You found it on level 1 of the Spider Nest)
 31802 | Spider:4 | Huge Dmg: 22 dmg
 31817 | Spider:4 | Huge Dmg: 15 dmg
 31823 | Spider:4 | Huge Dmg: 5 dmg
 32570 | Spider:5 | Huge Dmg: 18 dmg
 32575 | Spider:5 | Huge Dmg: 14 dmg
 32577 | Spider:5 | Huge Dmg: 20 dmg
 32577 | Spider:5 | Slain by a redback

Action                   |  1- 3 |  4- 6 |  7- 9 | 10-12 | 13-15 | 16-18 || total
-------------------------+-------+-------+-------+-------+-------+-------++-------
Melee: Unarmed           |    77 |   166 |   218 |   735 |  1633 |   111 ||  2940
Throw: Stone             |       |       |     6 |     4 |     2 |       ||    12
Invok: Upheaval          |       |       |       |     1 |       |       ||     1
       Elemental Force   |       |       |       |       |     1 |       ||     1
Evoke: Wand              |       |       |     4 |    22 |    38 |       ||    64
       Sack of spiders   |       |       |       |       |     1 |       ||     1
  Use: Scroll            |       |     8 |     7 |     8 |    23 |     1 ||    47
       Potion            |       |       |       |     5 |     7 |     3 ||    15
 Stab: Sleeping          |     1 |     1 |       |       |       |       ||     2
       Invisible         |       |       |    10 |       |     3 |       ||    13
       Held in net/web   |       |       |       |       |       |     1 ||     1
